[Event "RUS-ch Blitz 2021"]
[Site "Sochi"]
[Date "2021.10.11"]
[Round "3.2"]
[White "Bologan, Victor"]
[Black "Dreev, Aleksey"]
[Result "0-1"]
[ECO "B12"]
[WhiteElo "2574"]
[BlackElo "2635"]
[Annotator "ChessBase"]
[PlyCount "149"]
[EventDate "2021.10.11"]
[EventType "blitz"]
[EventCountry "RUS"]
[SourceTitle "playchess.com"]
[Source "ChessBase"]
[SourceQuality "1"]
[TimeControl "180+2"]

1. e4 c6 2. d4 d5 3. e5 Bf5 4. Nf3 e6 5. Be2 c5 6. O-O cxd4 7. Nxd4 Ne7 8.
c4 dxc4 9. Na3 Nec6 10. Nxf5 exf5 11. Nxc4 Bc5 12. Be3 Bxe3 13. Nd6+ Kf8 14. fxe3 Nxe5 15. Rxf5 Nbc6 16. Qd5 f6 17. Raf1 Qe7 18. Nxb7 Re8 19. Nc5 Qf7 20. Qd6+ Qe7 21. Qd5 Qf7 22. Qe4 Qe7 23. b4 Kg8 24. Bd1 Kf8 25. Bb3 Nd8 26. Rd1 g6 27. Rff1 Kg7 28. Rd2 Rhf8 29. Rfd1 Nef7 30. Qxe7 Rxe7 31. e4 Rfe8 32. a3 Nc6 33. Rd7 Nce5 34. Rxe7 Rxe7 35. Ne6+ Kh6 36. h3 Ng5 37. Nc5 Nef7 38. Rd4 Ne5 39. Rd6 Kg7 40. Kf2 Nef7 41. Bxf7 Kxf7 42. Rd4 Ne6 43. Nxe6 Kxe6 44. Rd5 Rc7 45. Ra5 h5 46. h4 f5 47. exf5+ gxf5 48. g3 Rc2+ 49. Kf3 Rc3+ 50. Kf2 Rc2+ 51. Ke3 Rc3+ 52. Kf4 Rc4+ 53. Kf3 Rc3+ 54. Kf2 Rc2+ 55. Kf1 Rc7 56. Ke2 Rc2+ 57. Kd3 Rg2 58. Rxa7 Rxg3+ 59. Ke2 Rb3 60. Ra5 f4 61. Kf2 Kf6 62. b5 Ke5 63. a4 Ke4 64. Ra6 Rb2+ 65. Ke1 f3 66. Ra8 Rb1+ 67. Kf2 Rb2+ 68. Kg3 Rg2+ 69. Kh3 Rg1 70. Re8+ Kf4 71. Rf8+ Ke3 72. Re8+ Kf2 73. Kh2 Rg2+ 74. Kh1 Rg4 75. Rh8 0-1

[Event "RUS-ch Blitz 2021"]
[Site "Sochi"]
[Date "2021.10.11"]
[Round "3.3"]
[White "Sarana, Alexey"]
[Black "Nesterov, Arseniy"]
[Result "1-0"]
[ECO "D37"]
[WhiteElo "2649"]
[BlackElo "2514"]
[Annotator "ChessBase"]
[PlyCount "67"]
[EventDate "2021.10.11"]
[EventType "blitz"]
[EventCountry "RUS"]
[SourceTitle "playchess.com"]
[Source "ChessBase"]
[SourceQuality "1"]
[TimeControl "180+2"]

1. d4 d5 2. Nf3 Nf6 3. c4 e6 4. Nc3 Nbd7 5. Bf4 dxc4 6. e3 b5 7. Nxb5 Bb4+ 8. Nc3 Nd5 9. a3 Nxc3 10. Qc2 Bxa3 11. Rxa3 Nd5 12. Bg3 N7b6 13. Be2 O-O 14. O-O Qe7 15. Ne5 c5 16. Nxc4 Nxc4 17. Qxc4 cxd4 18. Qxd4 a6 19. Rc1 Rd8 20. h3 Bb7 21. Qa4 h6 22. e4 Nf6 23. Rc7 Rd7 24. Rac3 Rad8 25. Bf3 e5 26. Rxd7 Rxd7 27. Kh2 Rd4 28. Qa5 Nxe4 29. Rc7 Rd7 30. Rxd7 Qxd7 31. Bxe5 Ng5 32. Bg4 Qc6 33. Qd8+ Kh7 34. Bf5+ 1-0

[Event "RUS-ch Blitz 2021"]
[Site "Sochi"]
[Date "2021.10.11"]
[Round "3.4"]
[White "Sjugirov, Sanan"]
[Black "Makarian, Rudik"]
[Result "1-0"]
[ECO "E11"]
[WhiteElo "2663"]
[BlackElo "2470"]
[Annotator "ChessBase"]
[PlyCount "55"]
[EventDate "2021.10.11"]
[EventType "blitz"]
[EventCountry "RUS"]
[SourceTitle "playchess.com"]
[Source "ChessBase"]
[SourceQuality "1"]
[TimeControl "180+2"]

1. d4 Nf6 2. Nf3 e6 3. c4 d5 4. g3 Bb4+ 5. Bd2 a5 6. a3 Be7 7. Qc2 O-O 8. Bg2 c6 9. O-O Nbd7 10. Rc1 Ne4 11. e3 Nb6 12. c5 Nd7 13.
Nc3 Nxc3 14. Bxc3 a4 15. b4 axb3 16. Qxb3 e5 17. Nxe5 Nxe5 18. dxe5 Bxc5 19. a4 Qe7 20. a5 Bf5 21. Bd4 Bxd4 22. exd4 Ra7 23. a6 Qc7 24. Bxd5 Rd8 25. Bf3 Rxd4 26. axb7 Rxb7 27. Ra8+ Bc8 28. Rxc6 1-0

[Event "RUS-ch Blitz 2021"]
[Site "Sochi"]
[Date "2021.10.11"]
[Round "3.5"]
[White "Riazantsev, Alexander"]
[Black "Tsydypov, Zhamsaran"]
[Result "0-1"]
[ECO "D30"]
[WhiteElo "2634"]
[BlackElo "2526"]
[Annotator "ChessBase"]
[PlyCount "76"]
[EventDate "2021.10.11"]
[EventType "blitz"]
[EventCountry "RUS"]
[SourceTitle "playchess.com"]
[Source "ChessBase"]
[SourceQuality "1"]
[TimeControl "180+2"]

1. d4 Nf6 2. Nf3 e6 3. c4 d5 4. Bg5 Nbd7 5. e3 Bb4+ 6. Nbd2 h6 7. Bh4 O-O 8. a3 Be7 9. Rc1 dxc4 10. Nxc4 c5 11. Be2 b6 12. O-O Bb7 13.
h3 Rc8 14. Bg3 Ne4 15. Bh2 b5 16. Ncd2 Nxd2 17. Qxd2 c4 18. a4 a6 19. axb5 axb5 20. b3 cxb3 21. Bxb5 Bxf3 22. gxf3 Rxc1 23. Rxc1 Ba3 24. Ba4 Bxc1 25. Qxc1 Qb6 26. Qb2 Nf6 27. Qxb3 Qa5 28. Kg2 Qg5+ 29. Bg3 Nh5 30. h4 Qg6 31. Qc2 Qf6 32. Bd6 Rd8 33. Qc7 Ra8 34. Bc6 Qg6+ 35. Bg3 Ra2 36. Be4 f5 37. Bd3 Rd2 38. Qc3 Qxg3+ 0-1

[Event "RUS-ch Blitz 2021"]
[Site "Sochi"]
[Date "2021.10.11"]
[Round "3.6"]
[White "Moiseenko, Vadim"]
[Black "Grachev, Boris"]
[Result "1/2-1/2"]
[ECO "A14"]
[WhiteElo "2542"]
[BlackElo "2615"]
[Annotator "ChessBase"]
[PlyCount "78"]
[EventDate "2021.10.11"]
[EventType "blitz"]
[EventCountry "RUS"]
[SourceTitle "playchess.com"]
[Source "ChessBase"]
[SourceQuality "1"]
[TimeControl "180+2"]

1. Nf3 d5 2. c4 e6 3. g3 Nf6 4. Bg2 Be7 5. O-O O-O 6. b3 b6 7. Bb2 Bb7 8. e3 c5 9. Qe2 dxc4 10. bxc4 Nc6 11. d3 a6 12. Nc3 Qc7 13. Rfd1 Rac8 14. Rab1 Rfd8 15. Ba1 Ba8 16. Rd2 h6 17. h3 Na7 18. g4 Rb8 19. Rc1 Nc6 20. Na4 Nd7 21. d4 cxd4 22. exd4 b5 23. cxb5 axb5 24. d5 exd5 25. Nc3 Nf6 26. Nxb5 Qa5 27. Nbd4 Nxd4 28. Nxd4 Bb4 29. Rdc2 Re8 30. Qd3 Qa3 31. Nb3 Ne4 32. Qd4 Bf8 33. Rd1 Qb4 34. Qd3 Qb5 35. Qf3 Ng5 36. Qg3 Qb6 37. Nd4 Ne4 38. Qf3 Ng5 39. Qg3 Ne4 1/2-1/2

[Event "RUS-ch Blitz 2021"]
[Site "Sochi"]
[Date "2021.10.11"]
[Round "3.7"]
[White "Alekseev, Evgeny"]
[Black "Matinian, Nikita"]
[Result "1-0"]
[ECO "C54"]
[WhiteElo "2602"]
[BlackElo "2454"]
[Annotator "ChessBase"]
[PlyCount "57"]
[EventDate "2021.10.11"]
[EventType "blitz"]
[EventCountry "RUS"]
[SourceTitle "playchess.com"]
[Source "ChessBase"]
[SourceQuality "1"]
[TimeControl "180+2"]

1. e4 e5 2. Nf3 Nc6 3. Bc4 Nf6 4. d3 Bc5 5. O-O d6 6. c3 Bb6 7. Bb3 Ne7 8. Nbd2 Ng6 9. Nc4 O-O 10. h3 Be6 11. a4 c6 12. Nxb6 Bxb3 13.
Qxb3 Qxb6 14. Qc2 d5 15. Bg5 Nh5 16. Rfe1 Rae8 17. Be3 Qc7 18. Bc5 Ne7 19. exd5 cxd5 20. Rxe5 Qxc5 21. Rxh5 f5 22. Ng5 Ng6 23. d4 Qd6 24. Nxh7 Nf4 25. Nxf8 Nxh5 26. Qxf5 Nf4 27. Nd7 Re2 28. Ne5 Rxb2 29. Qxf4 1-0

[Event "RUS-ch Blitz 2021"]
[Site "Sochi"]
[Date "2021.10.11"]
[Round "3.9"]
[White "Kobalia, Mikhail"]
[Black "Khanin, Semen"]
[Result "1-0"]
[ECO "C72"]
[WhiteElo "2600"]
[BlackElo "2521"]
[Annotator "ChessBase"]
[PlyCount "105"]
[EventDate "2021.10.11"]
[EventType "blitz"]
[EventCountry "RUS"]
[SourceTitle "playchess.com"]
[Source "ChessBase"]
[SourceQuality "1"]
[TimeControl "180+2"]

1. e4 e5 2. Nf3 Nc6 3. Bb5 a6 4. Ba4 d6 5. O-O Bd7 6. Re1 g5 7. Bxc6 bxc6 8. d4 g4 9. Nfd2 Bg7 10. dxe5 Bxe5 11. Nc4 Qf6 12. Nxe5 dxe5 13. Be3 Ne7 14. Bc5 h5 15. Nc3 h4 16. Qd3 Be6 17. Rad1 Ng6 18. Ne2 g3 19. fxg3 hxg3 20. Qxg3 Nf4 21. Nxf4 exf4 22. Qf3 Qh4 23. h3 Rg8 24. e5 Bd5 25. Re4 Rg3 26. Rxf4 Bxf3 27. Rxh4 Rxg2+ 28. Kf1 Bxd1 29. Kxg2 O-O-O 30. Rf4 Rd2+ 31. Rf2 Rxf2+ 32. Kxf2 Bxc2 33. Ke3 Kd7 34. Kf4 Ke6 35. a3 f6 36.
exf6 Kxf6 37. Bd4+ Ke6 38. Be5 c5 39. Bxc7 c4 40. Be5 Bd3 41.
Bc3 Bc2 42. Ke3 Kd5 43. h4 Bb1 44. h5 Bc2 45. Kf4 Ke6 46.
Be1 Bb1 47. Ke3 Kd5 48. Kd2 a5 49. a4 Bf5 50. Ke3 Bd7 51.
h6 Bf5 52. Bxa5 Bc2 53. Bc3 1-0

[Event "RUS-ch Blitz 2021"]
[Site "Sochi"]
[Date "2021.10.11"]
[Round "3.10"]
[White "Belozerov, Andrei"]
[Black "Kokarev, Dmitry"]
[Result "1/2-1/2"]
[ECO "B52"]
[WhiteElo "2476"]
[BlackElo "2579"]
[Annotator "ChessBase"]
[PlyCount "33"]
[EventDate "2021.10.11"]
[EventType "blitz"]
[EventCountry "RUS"]
[SourceTitle "playchess.com"]
[Source "ChessBase"]
[SourceQuality "1"]
[TimeControl "180+2"]

1. e4 c5 2. Nf3 d6 3. Bb5+ Bd7 4. Bxd7+ Qxd7 5. c4 Nf6 6. Nc3 Nc6 7. d4 cxd4 8. Nxd4 Qg4 9. Qxg4 Nxg4 10. Nxc6 bxc6 11. Bf4 g6 12. h3 Bh6 13. Bxh6 Nxh6 14. O-O-O f6 15. c5 Nf7 16. cxd6 exd6 17. Rd4 1/2-1/2

[Event "RUS-ch Blitz 2021"]
[Site "Sochi"]
[Date "2021.10.11"]
[Round "3.11"]
[White "Zakaryan, David"]
[Black "Pridorozhni, Aleksei"]
[Result "1/2-1/2"]
[ECO "C41"]
[WhiteElo "2283"]
[BlackElo "2564"]
[Annotator "ChessBase"]
[PlyCount "105"]
[EventDate "2021.10.11"]
[EventType "blitz"]
[EventCountry "RUS"]
[SourceTitle "playchess.com"]
[Source "ChessBase"]
[SourceQuality "1"]
[TimeControl "180+2"]

1. d4 d6 2. e4 Nf6 3. Nc3 e5 4. Nf3 Nbd7 5. Rg1 g6 6. g4 Bg7 7. Be3 O-O 8. d5 Nc5 9. Nd2 a5 10. Be2 b6 11. h4 Bb7 12. g5 Ne8 13.
Nc4 c6 14. Bxc5 dxc5 15. a4 f5 16. dxc6 Bxc6 17. Qxd8 Rxd8 18. exf5 gxf5 19. Nxb6 Nd6 20. O-O-O e4 21. Nc4 Nxc4 22. Bxc4+ Kh8 23. Nb5 Be5 24. c3 Kg7 25. Kc2 f4 26. h5 f3 27. g6 Bf4 28. gxh7+ Kxh7 29. Rxd8 Rxd8 30. Rd1 Rxd1 31. Kxd1 Kh6 32. b3 Kxh5 33. Na7 Bb7 34. Bb5 Be5 35. Kc2 Kg4 36. Nc6 Bc7 37. Ne7 Bd6 38. Nc6 Kh3 39. Kd2 Kg2 40. Ke1 Bxc6 41. Bxc6 e3 42. fxe3 Be5 43. Kd2 Kg3 44. Bb5 f2 45. Bf1 Kf3 46. b4 cxb4 47. cxb4 axb4 48. a5 Bb8 49. Kc2 Kxe3 50. Kb3 Bd6 51. a6 Bc5 52. a7 Bxa7 53.
Kxb4 1/2-1/2

[Event "RUS-ch Blitz 2021"]
[Site "Sochi"]
[Date "2021.10.11"]
[Round "3.12"]
[White "Antipov, Mikhail Al."]
[Black "Shubin, Kirill"]
[Result "1/2-1/2"]
[ECO "C02"]
[WhiteElo "2619"]
[BlackElo "2463"]
[Annotator "ChessBase"]
[PlyCount "91"]
[EventDate "2021.10.11"]
[EventType "blitz"]
[EventCountry "RUS"]
[SourceTitle "playchess.com"]
[Source "ChessBase"]
[SourceQuality "1"]
[TimeControl "180+2"]

1. e4 e6 2. d4 d5 3. e5 c5 4. c3 Qa5 5. Nf3 Nc6 6. Bd3 cxd4 7. O-O Bd7 8.
a3 dxc3 9. Nxc3 Rc8 10. Bg5 a6 11. b4 Qc7 12. Rc1 h6 13.
Bf4 b5 14. a4 Bxb4 15. axb5 axb5 16. Nxb5 Qd8 17. Qb3 Nge7 18.
Bd2 Bxd2 19. Nd6+ Kf8 20. Nxd2 Rb8 21. Qc3 g6 22. Nb3 Kg7 23. Nc5 Bc8 24. Rfe1 Qa5 25. Qc2 Nd4 26. Qd1 Nec6 27. Qg4 Rb2 28. Qf4 Rf8 29. h4 Qd8 30. Rcd1 Qe7 31. Bf1 Nb3 32. Nd3 Ra2 33. Qg3 Nbd4 34. Nf4 Kh7 35. Qd3 Nf5 36. h5 Qg5 37. hxg6+ fxg6 38. Nh3 Qh4 39. Nxf5 Rxf5 40. Rc1 Bd7 41. Qb5 Rfxf2 42. Nxf2 Qxf2+ 43. Kh1 Qh4+ 44. Kg1 Qf2+ 45. Kh1 Qh4+ 46. Kg1 1/2-1/2

[Event "RUS-ch Blitz 2021"]
[Site "Sochi"]
[Date "2021.10.11"]
[Round "3.13"]
[White "Gutenev, Alexander"]
[Black "Afanasiev, Nikita"]
[Result "0-1"]
[ECO "B06"]
[WhiteElo "2455"]
[BlackElo "2560"]
[Annotator "ChessBase"]
[PlyCount "90"]
[EventDate "2021.10.11"]
[EventType "blitz"]
[EventCountry "RUS"]
[SourceTitle "playchess.com"]
[Source "ChessBase"]
[SourceQuality "1"]
[TimeControl "180+2"]

1. e4 g6 2. d4 Bg7 3. Nf3 a6 4. a4 d6 5. Be2 b6 6. O-O e6 7. Nc3 Nd7 8. h3 Ne7 9. Be3 Bb7 10. Qd2 h6 11. Rfe1 Nf6 12. Bd3 d5 13. Bf4 c5 14. dxc5 bxc5 15.
exd5 Nexd5 16. Be5 O-O 17. Nxd5 exd5 18. Qf4 Re8 19. Rad1 Qb6 20. b3 Qc6 21. Bf1 Rad8 22. Bc7 Rc8 23. Be5 Re6 24. Ba1 Rce8 25. Rxe6 Rxe6 26. Re1 Rxe1 27. Nxe1 d4 28. Nd3 Nd5 29. Qf3 Bc8 30. Bb2 Qd6 31. Ba3 Nb4 32. Bxb4 cxb4 33. Qa8 Qc7 34. Nxb4 Kh7 35. Bxa6 Be6 36. Bd3 Qc3 37. Nc6 Bd5 38. Bb5 Qe1+ 39. Bf1 d3 40. cxd3 Bd4 41. Qd8 Qxf2+ 42. Kh2 Bxc6 43. Qc7 Bd5 44. Qd7 Be6 45. Qd6 Be3 0-1

[Event "RUS-ch Blitz 2021"]
[Site "Sochi"]
[Date "2021.10.11"]
[Round "3.14"]
[White "Mikhailovsky, Vladimir"]
[Black "Rozum, Ivan"]
[Result "0-1"]
[ECO "A12"]
[WhiteElo "2184"]
[BlackElo "2529"]
[Annotator "ChessBase"]
[PlyCount "88"]
[EventDate "2021.10.11"]
[EventType "blitz"]
[EventCountry "RUS"]
[SourceTitle "playchess.com"]
[Source "ChessBase"]
[SourceQuality "1"]
[TimeControl "180+2"]

1. b3 d5 2. Bb2 c6 3. Nf3 Bg4 4. e3 Nd7 5. Be2 Ngf6 6. O-O e6 7. c4 Bd6 8. Nc3 O-O 9. d4 h6 10. Rc1 Qe7 11. Qc2 Bf5 12. Bd3 Bxd3 13. Qxd3 Ba3 14. Rb1 Bxb2 15. Rxb2 Rad8 16. cxd5 exd5 17. b4 b5 18. a4 a6 19. Ra1 Nb6 20. axb5 axb5 21. Ne5 Qb7 22. Rba2 Ra8 23. h3 Nc4 24. Ne2 Rfe8 25. Nf3 Ne4 26. Nc3 Rxa2 27. Rxa2 Qe7 28. Ra6 Qxb4 29. Ne2 Qd6 30. Nf4 Qc7 31. Qb3 Qb7 32. Ra1 Ra8 33. Rc1 Qe7 34. Nd3 Ra3 35. Qd1 Ra2 36. Nfe5 Qd6 37. Qe1 Ra3 38. f3 Nf6 39. Nb4 Rxe3 40. Qf2 Qxb4 41. Nxc4 Rc3 42. Rxc3 Qxc3 43. Ne5 b4 44. Kh2 b3 0-1

[Event "RUS-ch Blitz 2021"]
[Site "Sochi"]
[Date "2021.10.11"]
[Round "3.15"]
[White "Popov, Valerij"]
[Black "Lobanov, Sergei"]
[Result "1/2-1/2"]
[ECO "A11"]
[WhiteElo "2537"]
[BlackElo "2501"]
[Annotator "ChessBase"]
[PlyCount "114"]
[EventDate "2021.10.11"]
[EventType "blitz"]
[EventCountry "RUS"]
[SourceTitle "playchess.com"]
[Source "ChessBase"]
[SourceQuality "1"]
[TimeControl "180+2"]

1. c4 c6 2. Nf3 d5 3. e3 Nf6 4. Nc3 e6 5. b3 Nbd7 6. Qc2 Bd6 7. Bb2 Qe7 8.
Be2 O-O 9. d4 e5 10. dxe5 Nxe5 11. cxd5 cxd5 12. O-O Bg4 13.
Nd4 Rac8 14. Nf5 Bxf5 15. Qxf5 Qe6 16. Qxe6 fxe6 17. Rac1 a6 18. h3 Rc6 19. Na4 Rfc8 20. Rxc6 Rxc6 21. Nc3 Ned7 22. Rc1 Kf7 23. Bd3 Nc5 24. Bb1 Nce4 25. Nxe4 Rxc1+ 26. Bxc1 Nxe4 27. Bb2 e5 28. Bd3 Nf6 29. Kf1 Ke6 30. f3 Bc5 31. Ke2 g6 32. a3 Nd7 33.
Bc2 Nf6 34. b4 Bd6 35. Bb3 Ke7 36. g4 h6 37. Bc3 Kd7 38. f4 d4 39. fxe5 dxc3 40. exf6 Be5 41. f7 Ke7 42. Kd3 g5 43. a4 b6 44. a5 bxa5 45.
bxa5 Bc7 46. Bc4 Bxa5 47. e4 Bb4 48. Kc2 a5 49. e5 Kf8 50. e6 Ke7 51. Bb3 Kf8 52. Kd3 Ke7 53. Ba2 Kf6 54. Bc4 Ke5 55. Bb3 Kf6 56. Ke4 a4 57. Bxa4 Kxe6 1/2-1/2

[Event "RUS-ch Blitz 2021"]
[Site "Sochi"]
[Date "2021.10.11"]
[Round "3.16"]
[White "Pogosyan, Stefan"]
[Black "Zubritskiy, Artyom"]
[Result "1-0"]
[ECO "A04"]
[WhiteElo "2407"]
[BlackElo "2442"]
[Annotator "ChessBase"]
[PlyCount "68"]
[EventDate "2021.10.11"]
[EventType "blitz"]
[EventCountry "RUS"]
[SourceTitle "playchess.com"]
[Source "ChessBase"]
[SourceQuality "1"]
[TimeControl "180+2"]

1. Nf3 f5 2. b4 Nf6 3. Bb2 e6 4. a3 c6 5. e3 Be7 6. c4 d6 7. Be2 O-O 8. O-O Qc7 9. Nc3 e5 10. d3 Kh8 11. Rc1 Be6 12. d4 e4 13.
Ng5 Bg8 14. d5 Nbd7 15. Qd2 Ne5 16. Rfd1 Rad8 17. Qd4 Qb8 18. h4 Nfg4 19. dxc6 bxc6 20. Ncxe4 c5 21. Qc3 fxe4 22. Bxg4 Bf6 23. Nxe4 Nxg4 24. Nxf6 Nxf6 25. Rd2 Qc7 26. f3 a6 27. Rcd1 cxb4 28. axb4 Qxc4 29. Qxc4 Bxc4 30. Rxd6 Rxd6 31.
Rxd6 Nd5 32. Rd7 Rg8 33. h5 h6 34. e4 Nxb4 1-0

[Event "RUS-ch Blitz 2021"]
[Site "Sochi"]
[Date "2021.10.11"]
[Round "3.17"]
[White "Gavrilov, Oleg"]
[Black "Zakhartsov, Vladimir"]
[Result "1-0"]
[ECO "A28"]
[WhiteElo "2356"]
[BlackElo "2514"]
[Annotator "ChessBase"]
[PlyCount "141"]
[EventDate "2021.10.11"]
[EventType "blitz"]
[EventCountry "RUS"]
[SourceTitle "playchess.com"]
[Source "ChessBase"]
[SourceQuality "1"]
[TimeControl "180+2"]

1. c4 e5 2. Nc3 Nf6 3. Nf3 Nc6 4. e3 Bb4 5. Nd5 Bc5 6. d4 exd4 7. exd4 Nxd5 8. dxc5 Nde7 9. Bd3 b6 10. Be3 bxc5 11. Bxc5 d6 12. Be3 O-O 13. O-O Bf5 14. Nd4 Bxd3 15. Nxc6 Nxc6 16. Qxd3 Re8 17. Rfe1 a5 18. h3 Qf6 19. Qc2 Rab8 20. b3 h6 21. Rad1 a4 22. c5 axb3 23.
axb3 d5 24. Qd3 Nb4 25. Qd2 Re4 26. Bd4 Qg6 27. Bc3 Rxe1+ 28. Rxe1 Nd3 29. Re3 Nxc5 30. Rg3 Ne4 31. Rxg6 Nxd2 32. Rxg7+ Kf8 33. Rh7 Ne4 34. Rh8+ Ke7 35. Rxb8 Nxc3 36. Kf1 c5 37. Rb6 f6 38. g4 Ne4 39. f3 Nc3 40. h4 d4 41. Ke1 Nd5 42. Rc6 Nb4 43.
Rb6 Nd5 44. Ra6 Nb4 45. Ra7+ Ke6 46. Rh7 Ke5 47. Rxh6 Nc2+ 48. Ke2 Na1 49. Rh5+ Kd6 50. Rf5 Nxb3 51. Rxf6+ Kd5 52. h5 c4 53. h6 d3+ 54. Ke3 d2 55. Rf8 c3 56. Rd8+ Ke6 57. h7 c2 58.
h8=Q d1=N+ 59. Ke2 Nc3+ 60. Qxc3 c1=Q 61. Qxc1 Nxc1+ 62. Ke3 Nb3 63. f4 Nc5 64. Rd4 Kf7 65. Rd6 Ke7 66. Rc6 Nb3 67. g5 Kd7 68. Rc3 Na5 69. f5 Nb7 70. Kf4 Ke8 71. Rc6 1-0

[Event "RUS-ch Blitz 2021"]
[Site "Sochi"]
[Date "2021.10.11"]
[Round "3.18"]
[White "Bocharov, Dmitry"]
[Black "Smirnov, Timofey"]
[Result "1-0"]
[ECO "A07"]
[WhiteElo "2517"]
[BlackElo "2409"]
[Annotator "ChessBase"]
[PlyCount "76"]
[EventDate "2021.10.11"]
[EventType "blitz"]
[EventCountry "RUS"]
[SourceTitle "playchess.com"]
[Source "ChessBase"]
[SourceQuality "1"]
[TimeControl "180+2"]

1. Nf3 d5 2. g3 g6 3. Bg2 Bg7 4. O-O e5 5. d3 Ne7 6. e4 O-O 7. Nbd2 Nbc6 8. Re1 Re8 9. a3 a5 10. exd5 Nxd5 11. Ne4 h6 12. Bd2 f5 13. Nc3 Be6 14. Na4 Qd6 15.
c4 Nde7 16. Bc3 Rad8 17. Qe2 Bd7 18. b4 axb4 19. axb4 e4 20.
dxe4 Bxc3 21. Nxc3 Qxb4 22. Rac1 Na5 23. Ne5 Be6 24. Nd5 Bxd5 25. exd5 Qd6 26. Qe3 Kg7 27. c5 Qf6 28. Rcd1 b6 29. cxb6 cxb6 30. Qf4 g5 31. Qb4 Nb7 32. Nc6 Nxc6 33. dxc6 Rxe1+ 34. Rxe1 Nc5 35. Qxb6 Nd3 36. Qc7+ Kf8 37. Re6 Qa1+ 38. Bf1 Qb2 1-0

[Event "RUS-ch Blitz 2021"]
[Site "Sochi"]
[Date "2021.10.11"]
[Round "3.19"]
[White "Savchenko, Boris"]
[Black "Indzhiev, Aldar"]
[Result "0-1"]
[ECO "B11"]
[WhiteElo "2535"]
[BlackElo "2101"]
[Annotator "ChessBase"]
[PlyCount "72"]
[EventDate "2021.10.11"]
[EventType "blitz"]
[EventCountry "RUS"]
[SourceTitle "playchess.com"]
[Source "ChessBase"]
[SourceQuality "1"]
[TimeControl "180+2"]

1. e4 c6 2. Nc3 d5 3. Nf3 Bg4 4. h3 Bxf3 5. gxf3 d4 6. Ne2 c5 7. f4 Nc6 8. Ng1 Nf6 9. d3 Qc7 10. Bg2 O-O-O 11. a3 e5 12. fxe5 Nxe5 13. f4 Ng6 14. e5 Nd5 15. Qg4+ Kb8 16. Ne2 Be7 17. h4 h5 18. Qg3 c4 19. f5 Nxe5 20. dxc4 Nxc4 21. Qxc7+ Nxc7 22. Be4 Rhe8 23. Bf4 Bd6 24. Bxd6 Rxe4 25. Bxc7+ Kxc7 26. Kf2 Rde8 27. Rae1 Ne3 28. Kf3 Nxc2 29. Rc1 Rxe2 30. Rhg1 d3 31. Rxg7 R8e3+ 32. Kf4 Rf2+ 33. Kg5 Rg3+ 34. Kh6 Rxg7 35. Kxg7 Rxf5 36. Rd1 Rd5 0-1

[Event "RUS-ch Blitz 2021"]
[Site "Sochi"]
[Date "2021.10.11"]
[Round "3.21"]
[White "Nozdrachev, Vladislav"]
[Black "Somkin, Kirill"]
[Result "0-1"]
[ECO "B04"]
[WhiteElo "2495"]
[BlackElo "2186"]
[Annotator "ChessBase"]
[PlyCount "101"]
[EventDate "2021.10.11"]
[EventType "blitz"]
[EventCountry "RUS"]
[SourceTitle "playchess.com"]
[Source "ChessBase"]
[SourceQuality "1"]
[TimeControl "180+2"]

1. e4 Nf6 2. e5 Nd5 3. d4 d6 4. c4 Nb6 5. exd6 cxd6 6. Nc3 g6 7. h3 Bg7 8. Nf3 O-O 9. Be2 Nc6 10. O-O Bf5 11. d5 Na5 12. Nd4 Naxc4 13. Bxc4 Nxc4 14. Nxf5 gxf5 15. Qd3 Qc8 16. Bg5 Ne5 17. Qe2 Qd7 18. Rfe1 Ng6 19. h4 h6 20. Bd2 Rfe8 21. Qh5 Kh7 22. Re3 e6 23. dxe6 fxe6 24. Rae1 Qf7 25. Nb5 Rad8 26. Rg3 e5 27. Bb4 Re6 28. Rf3 f4 29. Qg4 Nf8 30. h5 a6 31. Nc3 d5 32. Bxf8 Bxf8 33.
Rxf4 Rf6 34. Qg6+ Qxg6 35. hxg6+ Kxg6 36. Rg4+ Kf5 37. Rg8 d4 38. Ne4 Rf7 39. Nd6+ Rxd6 40. g4+ Ke6 41. Kg2 Kd5 42. f3 Rdf6 43. Rf1 Bd6 44. Rc8 Rc7 45. Rd8 Rc2+ 46. Kg3 e4+ 47. f4 Ke6 48. Re8+ Kd5 49. Rd8 e3 50. Kh4 e2 51. f5 0-1

[Event "RUS-ch Blitz 2021"]
[Site "Sochi"]
[Date "2021.10.11"]
[Round "3.22"]
[White "Magomedov, Rashid"]
[Black "Murzin, Volodar"]
[Result "0-1"]
[ECO "B10"]
[WhiteElo "2167"]
[BlackElo "2513"]
[Annotator "ChessBase"]
[PlyCount "55"]
[EventDate "2021.10.11"]
[EventType "blitz"]
[EventCountry "RUS"]
[SourceTitle "playchess.com"]
[Source "ChessBase"]
[SourceQuality "1"]
[TimeControl "180+2"]

1. e4 c6 2. d3 d5 3. Nd2 g6 4. g3 Bg7 5. Bg2 e5 6. Ngf3 Ne7 7. O-O O-O 8.
Re1 d4 9. Nc4 b5 10. Ncd2 a5 11. Nf1 a4 12. a3 c5 13. h3 Nbc6 14. N1h2 c4 15. Nh4 Be6 16. f4 cxd3 17. cxd3 Rc8 18. Qf3 f5 19. exf5 Nxf5 20. Nxf5 Bxf5 21. g4 Be6 22. Qg3 Na5 23. fxe5 Nb3 24. Rb1 Rc2 25. Bf4 g5 26. Bc1 h6 27. Nf3 Qc7 28. Bxg5 0-1

[Event "RUS-ch Blitz 2021"]
[Site "Sochi"]
[Date "2021.10.11"]
[Round "3.23"]
[White "Lysyj, Igor"]
[Black "Popov, Maksim"]
[Result "1-0"]
[ECO "E01"]
[WhiteElo "2603"]
[BlackElo "2179"]
[Annotator "ChessBase"]
[PlyCount "119"]
[EventDate "2021.10.11"]
[EventType "blitz"]
[EventCountry "RUS"]
[SourceTitle "playchess.com"]
[Source "ChessBase"]
[SourceQuality "1"]
[TimeControl "180+2"]

1. d4 Nf6 2. c4 e6 3. Nf3 d5 4. g3 Bb4+ 5. Bd2 Bd6 6. Bg2 O-O 7. O-O Nbd7 8.
Bc3 c6 9. Nbd2 Qe7 10. Ne5 c5 11. e3 b6 12. Nxd7 Bxd7 13. dxc5 Bxc5 14. Bxf6 Qxf6 15. cxd5 exd5 16. Bxd5 Rad8 17. Qb3 Be6 18.
Ne4 Qe5 19. Bxe6 Qxe4 20. Bc4 h5 21. Rad1 Qf3 22. Bd5 Qf6 23.
h4 Bd6 24. Rd3 Be5 25. Rfd1 Kh8 26. Bc4 Rc8 27. Rd7 Bxb2 28. Bxf7 a5 29. Qd5 Rc5 30. Qe6 Qxe6 31. Bxe6 Bf6 32. Rf7 Re8 33. Bb3 b5 34. Ra7 a4 35. Bf7 Rec8 36. Bg6 Bb2 37. Kg2 a3 38. Rb7 Bc3 39. Rdd7 b4 40.
Bf7 Rf8 41. Bb3 Rcf5 42. f4 Rc5 43. Rd5 Rxd5 44. Bxd5 Kh7 45. Bb3 Rd8 46. Kf3 Rd2 47. e4 Rb2 48. Ra7 Rb1 49. e5 Re1 50.
Bc2+ Kg8 51. Bg6 Kf8 52. Rf7+ Ke8 53. Rxg7+ Kd8 54. Ra7 Bb2 55. Bf7 Rf1+ 56. Ke4 Rg1 57. Kf5 Rxg3 58. Bd5 Rg4 59. e6 Bc1 60. e7+ 1-0

[Event "RUS-ch Blitz 2021"]
[Site "Sochi"]
[Date "2021.10.11"]
[Round "3.24"]
[White "Sakaev, Konstantin"]
[Black "Bychkov, Vladimir"]
[Result "1/2-1/2"]
[ECO "E46"]
[WhiteElo "2603"]
[BlackElo "2303"]
[Annotator "ChessBase"]
[PlyCount "84"]
[EventDate "2021.10.11"]
[EventType "blitz"]
[EventCountry "RUS"]
[SourceTitle "playchess.com"]
[Source "ChessBase"]
[SourceQuality "1"]
[TimeControl "180+2"]

1. d4 Nf6 2. c4 e6 3. Nc3 Bb4 4. e3 c5 5. Nge2 O-O 6. a3 Bxc3+ 7. Nxc3 d6 8.
Be2 Nc6 9. d5 exd5 10. cxd5 Ne7 11. O-O a6 12. a4 b6 13. e4 Bd7 14. Bf4 Qc7 15. Bg5 Ng6 16. f4 Ne8 17. f5 Ne5 18. Be7 Bxa4 19. Nxa4 Qxe7 20. Nxb6 Rb8 21. Na4 Nf6 22. Qc2 Rb4 23. Nc3 Qb7 24. Rfb1 c4 25.
Ra2 Qb6+ 26. Kh1 Nfg4 27. Bxg4 Nxg4 28. h3 Ne5 29. f6 Rb8 30. Qd2 gxf6 31. Qf4 Ng6 32. Qxf6 Qe3 33. Rf1 R4b7 34. Qxd6 Rxb2 35. Rxb2 Rxb2 36. Qd8+ Nf8 37. Qf6 Rb7 38. d6 Qd3 39. Nd5 Ng6 40. Ne7+ Nxe7 41. Qxf7+ Kh8 42. dxe7 Qd8 1/2-1/2